| TOP OF THE 1ST |
|
Chicago White Sox batting - Pitching for Toronto Blue Jays : LHP Thomas Linnert
|
|
Pitching: LHP Thomas Linnert
|
|
|
Batting: SHB Ozzie Smith
|
0-0: Ball 1-0: Ball 2-0: Called Strike 2-1: Called Strike 2-2: Foul Ball, location: 2F 2-2: Ground out 6-3 (Groundball, 6, EV 93.1 MPH)
|
|
Batting: RHB Mike A Marshall
|
0-0: Called Strike 0-1: Fly out, F9 (Flyball, 89M, EV 96.9 MPH)
|
|
Batting: RHB Mike Heath
|
0-0: Foul Ball, location: 2F 0-1: Ball 1-1: Fly out, F3 (Popup, 3S, EV 68.1 MPH)
|
| Top of the 1st over - 0 runs, 0 hits, 0 errors, 0 left on base; Chicago 0 - Toronto 0 |
| BOTTOM OF THE 1ST |
|
Toronto Blue Jays batting - Pitching for Chicago White Sox : RHP Dave Rozema
|
|
Pitching: RHP Dave Rozema
|
|
|
Batting: SHB Harold Reynolds
|
0-0: Bunt for hit to 13 - play at first, batter safe!
|
|
Batting: LHB Sheldon Mallory
|
0-0: Called Strike 0-1: Ball 1-1: Ball 2-1: Fly out, F8 (Flyball, 78M, EV 91.3 MPH)
|
|
Batting: LHB Chad Daley
|
0-0: Ball 1-0: Ball Wild Pitch! Harold Reynolds to second 2-0: Foul Ball, location: 2F 2-1: Foul Ball, location: 2F 2-2: Strikes out swinging
|
|
Batting: RHB Jose Gonzalez
|
0-0: Ball 1-0: Ball 2-0: Called Strike 2-1: Called Strike 2-2: Ground out 5-3 (Groundball, 5, EV 75.6 MPH)
|
| Bottom of the 1st over - 0 runs, 1 hit, 0 errors, 1 left on base; Chicago 0 - Toronto 0 |
| TOP OF THE 2ND |
|
Chicago White Sox batting - Pitching for Toronto Blue Jays : LHP Thomas Linnert
|
|
Batting: LHB Mitchell Page
|
0-0: Ball 1-0: Ball 2-0: SINGLE (Line Drive, 89S, EV 94.4 MPH)
|
|
Batting: RHB Tim Teufel
|
0-0: Swinging Strike 0-1: Ball 1-1: Fly out, F8 (Flyball, 8LM, EV 88.1 MPH)
|
|
Batting: RHB Brian Harper
|
0-0: Ball 1-0: Ball 2-0: Ball 3-0: Called Strike 3-1: Swinging Strike 3-2: Foul Ball, location: 2F 3-2: Strikes out swinging
|
|
Batting: SHB Dwayne Taggart
|
0-0: Foul Ball, location: 2F 0-1: Ball 1-1: Ball 2-1: Called Strike 2-2: SINGLE (Line Drive, 78M, EV 105.0 MPH) Mitchell Page to second Runner from 2nd tries for 3rd, SAFE, throw by CF made to third
|
|
Batting: RHB Kevin McReynolds
|
0-0: Foul Ball, location: 2F 0-1: Foul Ball, location: 2F 0-2: SINGLE (Line Drive, 7S, EV 105.0 MPH) Mitchell Page scores Dwayne Taggart to second Runner from 2nd tries for 3rd, SAFE, throw by LF made to third
|
|
Batting: LHB Ryan MacFarland
|
0-0: Swinging Strike 0-1: Ball 1-1: Called Strike 1-2: Strikes out swinging
|
| Top of the 2nd over - 1 run, 3 hits, 0 errors, 2 left on base; Chicago 1 - Toronto 0 |
| BOTTOM OF THE 2ND |
|
Toronto Blue Jays batting - Pitching for Chicago White Sox : RHP Dave Rozema
|
|
Batting: RHB Cal Ripken
|
0-0: Ball 1-0: Ball 2-0: Called Strike 2-1: Foul Ball, location: 2F 2-2: Ball 3-2: SINGLE (Groundball, 56D, EV 106.9 MPH)
|
|
Batting: LHB Steve Stroughter
|
0-0: Swinging Strike 0-1: Ball 1-1: Called Strike 1-2: Ball 2-2: Strikes out swinging
|
|
Batting: LHB Milt Thompson
|
0-0: Foul Ball, location: 2F 0-1: Foul Ball, location: 2F 0-2: Strikes out swinging
|
|
Batting: LHB Brad Gulden
|
0-0: Ball 1-0: Called Strike 1-1: Called Strike 1-2: Ball 2-2: Ball 3-2: Fly out, F6 (Line Drive, 6, EV 61.9 MPH)
|
| Bottom of the 2nd over - 0 runs, 1 hit, 0 errors, 1 left on base; Chicago 1 - Toronto 0 |
| TOP OF THE 3RD |
|
Chicago White Sox batting - Pitching for Toronto Blue Jays : LHP Thomas Linnert
|
|
Batting: SHB Ozzie Smith
|
0-0: Ball 1-0: Foul Ball, location: 2F 1-1: DOUBLE (Line Drive, 78D, EV 109.4 MPH)
|
|
Batting: RHB Mike A Marshall
|
0-0: Ball 1-0: Foul Ball, location: 2F 1-1: Swinging Strike 1-2: Ball 2-2: Foul Ball, location: 2F 2-2: Strikes out swinging
|
|
Batting: RHB Mike Heath
|
0-0: Foul Ball, location: 2F 0-1: Ball 1-1: SINGLE (Line Drive, 6MD, EV 106.9 MPH) Ozzie Smith to third Runner from 3rd tries for Home, SAFE, throw by CF to home
|
|
Batting: LHB Mitchell Page
|
Pickoff Throw to First - Error! E1 Mike Heath to second 0-0: Called Strike 0-1: Called Strike Mike Heath is caught stealing 3rd base 2-5 0-2: Strikes out swinging
|
| Top of the 3rd over - 1 run, 2 hits, 1 error, 0 left on base; Chicago 2 - Toronto 0 |
| BOTTOM OF THE 3RD |
|
Toronto Blue Jays batting - Pitching for Chicago White Sox : RHP Dave Rozema
|
|
Batting: RHB Jose Carrillo
|
0-0: Ball 1-0: Foul Ball, location: 2F 1-1: Swinging Strike 1-2: Foul Ball, location: 2F 1-2: Ground out 5-3 (Groundball, 56, EV 80.0 MPH)
|
|
Batting: SHB Harold Reynolds
|
0-0: Ball 1-0: Swinging Strike 1-1: Foul Ball, location: 2F 1-2: Strikes out swinging
|
|
Batting: LHB Sheldon Mallory
|
0-0: Ball 1-0: Fly out, F6 (Flyball, 56D, EV 80.0 MPH)
|
| Bottom of the 3rd over - 0 runs, 0 hits, 0 errors, 0 left on base; Chicago 2 - Toronto 0 |
| TOP OF THE 4TH |
|
Chicago White Sox batting - Pitching for Toronto Blue Jays : LHP Thomas Linnert
|
|
Batting: RHB Tim Teufel
|
0-0: Called Strike 0-1: Fly out, F9 (Line Drive, 9, EV 91.3 MPH)
|
|
Batting: RHB Brian Harper
|
0-0: Ball 1-0: Ball 2-0: Foul Ball, location: 2F 2-1: Fly out, F8 (Flyball, 8LM, EV 88.8 MPH)
|
|
Batting: SHB Dwayne Taggart
|
0-0: Fly out, F9 (Flyball, 9D, EV 85.0 MPH)
|
| Top of the 4th over - 0 runs, 0 hits, 0 errors, 0 left on base; Chicago 2 - Toronto 0 |
| BOTTOM OF THE 4TH |
|
Toronto Blue Jays batting - Pitching for Chicago White Sox : RHP Dave Rozema
|
|
Batting: LHB Chad Daley
|
0-0: Ball 1-0: Ground out 5-3 (Groundball, 56, EV 100.0 MPH)
|
|
Batting: RHB Jose Gonzalez
|
0-0: Called Strike 0-1: SOLO HOME RUN (Flyball, 89XD, EV 88.1 MPH), Distance : 413 ft
|
|
Batting: RHB Cal Ripken
|
0-0: Fly out, F9 (Flyball, 89M, EV 78.8 MPH)
|
|
Batting: LHB Steve Stroughter
|
0-0: Ball 1-0: Called Strike 1-1: Ball 2-1: Called Strike 2-2: Foul Ball, location: 2F 2-2: Ball 3-2: Strikes out swinging
|
| Bottom of the 4th over - 1 run, 1 hit, 0 errors, 0 left on base; Chicago 2 - Toronto 1 |
| TOP OF THE 5TH |
|
Chicago White Sox batting - Pitching for Toronto Blue Jays : LHP Thomas Linnert
|
|
Batting: RHB Kevin McReynolds
|
0-0: Ball 1-0: Ball 2-0: Ground out U3 (Groundball, 3S, EV 83.1 MPH)
|
|
Batting: LHB Ryan MacFarland
|
0-0: Ball 1-0: Foul Ball, location: 2F 1-1: Ball 2-1: Ground out 4-3 (Groundball, 34D, EV 101.3 MPH)
|
|
Batting: SHB Ozzie Smith
|
0-0: Called Strike 0-1: Ball 1-1: Ball 2-1: Called Strike 2-2: Ball 3-2: Foul Ball, location: 2F 3-2: Strikes out swinging
|
| Top of the 5th over - 0 runs, 0 hits, 0 errors, 0 left on base; Chicago 2 - Toronto 1 |
| BOTTOM OF THE 5TH |
|
Toronto Blue Jays batting - Pitching for Chicago White Sox : RHP Dave Rozema
|
|
Batting: LHB Milt Thompson
|
0-0: Called Strike 0-1: Called Strike 0-2: Ground out 5-3 (Groundball, 56, EV 92.5 MPH)
|
|
Batting: LHB Brad Gulden
|
0-0: Ball 1-0: Called Strike 1-1: Swinging Strike 1-2: Ball 2-2: Ball 3-2: Ground out 4-3 (Groundball, 34D, EV 106.3 MPH)
|
|
Batting: RHB Jose Carrillo
|
0-0: Ball 1-0: Swinging Strike 1-1: Called Strike 1-2: Ball 2-2: SOLO HOME RUN (Line Drive, 9LD, EV 110.6 MPH), Distance : 371 ft
|
|
Batting: SHB Harold Reynolds
|
0-0: Called Strike 0-1: Foul Ball, location: 2F 0-2: Strikes out swinging
|
| Bottom of the 5th over - 1 run, 1 hit, 0 errors, 0 left on base; Chicago 2 - Toronto 2 |
| TOP OF THE 6TH |
|
Chicago White Sox batting - Pitching for Toronto Blue Jays : LHP Thomas Linnert
|
|
Batting: RHB Mike A Marshall
|
0-0: Called Strike 0-1: Foul Ball, location: 2F 0-2: Ball 1-2: Strikes out swinging, 2-3 out at first.
|
|
Batting: RHB Mike Heath
|
0-0: Ball 1-0: Ball 2-0: Called Strike 2-1: Swinging Strike 2-2: Foul Ball, location: 2F 2-2: Foul Ball, location: 2F 2-2: Ball 3-2: Ground out 6-3 (Groundball, 6, EV 80.0 MPH)
|
|
Batting: LHB Mitchell Page
|
0-0: Ball 1-0: Called Strike 1-1: SINGLE (Flyball, 8LS, EV 88.1 MPH)
|
|
Batting: RHB Tim Teufel
|
0-0: Called Strike 0-1: Ball 1-1: Swinging Strike 1-2: Foul Ball, location: 2F 1-2: Strikes out swinging
|
| Top of the 6th over - 0 runs, 1 hit, 0 errors, 1 left on base; Chicago 2 - Toronto 2 |
| BOTTOM OF THE 6TH |
|
Toronto Blue Jays batting - Pitching for Chicago White Sox : RHP Dave Rozema
|
|
Batting: LHB Sheldon Mallory
|
0-0: Ball 1-0: Ball 2-0: Called Strike 2-1: Foul Ball, location: 2F 2-2: SINGLE (Groundball, 3D, EV 103.8 MPH)
|
|
Batting: LHB Chad Daley
|
0-0: Ball 1-0: Ball 2-0: DOUBLE (Line Drive, 78D, EV 110.0 MPH) Sheldon Mallory to third Runner from 3rd tries for Home, SAFE, throw by LF to home
|
|
Batting: RHB Jose Gonzalez
|
0-0: Ball 1-0: Foul Ball, location: 2F 1-1: Swinging Strike 1-2: Ball 2-2: Strikes out swinging
|
|
Batting: RHB Cal Ripken
|
0-0: Ground out 6-3 (Groundball, 6M, EV 86.3 MPH) Chad Daley to third
|
|
Batting: LHB Steve Stroughter
|
0-0: Called Strike 0-1: Fly out, F7 (Flyball, 7, EV 95.0 MPH)
|
| Bottom of the 6th over - 1 run, 2 hits, 0 errors, 1 left on base; Chicago 2 - Toronto 3 |
| TOP OF THE 7TH |
|
Chicago White Sox batting - Pitching for Toronto Blue Jays : LHP Thomas Linnert
|
|
Batting: RHB Brian Harper
|
0-0: Foul Ball, location: 2F 0-1: Ball 1-1: Ground out U3 (Groundball, 34, EV 95.0 MPH)
|
|
Batting: SHB Dwayne Taggart
|
0-0: Ground out 5-3 (Groundball, 5, EV 88.1 MPH)
|
|
Batting: RHB Kevin McReynolds
|
0-0: Ball 1-0: Ball 2-0: Called Strike 2-1: Foul Ball, location: 2F 2-2: Fly out, F3 (Flyball, 34D, EV 85.6 MPH)
|
| Top of the 7th over - 0 runs, 0 hits, 0 errors, 0 left on base; Chicago 2 - Toronto 3 |
| BOTTOM OF THE 7TH |
|
Toronto Blue Jays batting - Pitching for Chicago White Sox : RHP Dave Rozema
|
|
Batting: LHB Milt Thompson
|
0-0: Fly out, F8 (Line Drive, 8LM, EV 98.1 MPH)
|
|
Batting: LHB Brad Gulden
|
0-0: Called Strike 0-1: Ball 1-1: Foul Ball, location: 2F 1-2: Ball 2-2: Strikes out swinging
|
|
Batting: RHB Jose Carrillo
|
0-0: Foul Ball, location: 2F 0-1: Ball 1-1: Foul Ball, location: 2F 1-2: Ground out 2-3 (Groundball, 2L, EV 70.6 MPH)
|
| Bottom of the 7th over - 0 runs, 0 hits, 0 errors, 0 left on base; Chicago 2 - Toronto 3 |
| TOP OF THE 8TH |
|
Chicago White Sox batting - Pitching for Toronto Blue Jays : LHP Thomas Linnert
|
|
Pitching: LHP John Marshall
|
|
|
Batting: LHB Ryan MacFarland
|
0-0: Called Strike 0-1: Called Strike 0-2: Ball 1-2: Fly out, F9 (Flyball, 9, EV 84.4 MPH)
|
|
Batting: SHB Ozzie Smith
|
0-0: Ball 1-0: Called Strike 1-1: Ground out 6-3 (Groundball, 6, EV 83.1 MPH)
|
|
Batting: RHB Mike A Marshall
|
0-0: Ball 1-0: Ball 2-0: Ball 3-0: Called Strike 3-1: Base on Balls
|
|
Batting: RHB Mike Heath
|
0-0: Called Strike 0-1: Ball 1-1: Fly out, F8 (Flyball, 8LS, EV 95.6 MPH)
|
| Top of the 8th over - 0 runs, 0 hits, 0 errors, 1 left on base; Chicago 2 - Toronto 3 |
| BOTTOM OF THE 8TH |
|
Toronto Blue Jays batting - Pitching for Chicago White Sox : RHP Dave Rozema
|
|
Batting: SHB Harold Reynolds
|
0-0: Called Strike 0-1: Ball 1-1: Fly out, F7 (Line Drive, 7, EV 93.1 MPH)
|
|
Pitching: RHP Dickie Noles
|
|
|
Batting: LHB Sheldon Mallory
|
0-0: Called Strike 0-1: Ball 1-1: Foul Ball, location: 2F 1-2: Ground out 6-3 (Groundball, 6MD, EV 105.6 MPH)
|
|
Batting: LHB Chad Daley
|
0-0: Foul Ball, location: 2F 0-1: Ball 1-1: Swinging Strike 1-2: Foul Ball, location: 2F 1-2: Ball 2-2: Fly out, F8 (Line Drive, 8LD, EV 91.3 MPH)
|
| Bottom of the 8th over - 0 runs, 0 hits, 0 errors, 0 left on base; Chicago 2 - Toronto 3 |
| TOP OF THE 9TH |
|
Chicago White Sox batting - Pitching for Toronto Blue Jays : LHP John Marshall
|
|
Now at 2B: Chris Speier
|
|
|
Pinch Hitting: RHB Steve Henderson
|
0-0: Ball 1-0: Called Strike 1-1: Swinging Strike 1-2: Strikes out swinging
|
|
Batting: RHB Tim Teufel
|
0-0: Ball 1-0: Foul Ball, location: 2F 1-1: Ground out 6-3 (Groundball, 56, EV 104.4 MPH)
|
|
Batting: RHB Brian Harper
|
0-0: Called Strike 0-1: Called Strike 0-2: Ball 1-2: Ground out 6-3 (Groundball, 6, EV 86.3 MPH)
|
| Top of the 9th over - 0 runs, 0 hits, 0 errors, 0 left on base; Chicago 2 - Toronto 3 |
|